 Dungeon Crawl Stone Soup version 0.18-a0-1035-g72c9994 (webtiles) character file.

877 Duffy the Conjurer (level 8, -4/41 HPs)
             Began as a Gargoyle Conjurer on Jan 9, 2016.
             Was a Believer of Vehumet.
             Engulfed by a steam dragon's steam (9 damage)
             ... on level 6 of the Dungeon.
             The game lasted 00:08:34 (7046 turns).

Duffy the Conjurer (Gargoyle Conjurer)              Turns: 7046, Time: 00:08:35

Health: -4/41      AC:  9    Str: 12    XL:     8   Next: 4%
Magic:  3/16       EV: 12    Int: 18    God:    Vehumet [**....]
Gold:   331        SH:  0    Dex: 10    Spells: 4 memorised, 7 levels left

rFire  . . .     SeeInvis .     n - +2 dagger (elec)
rCold  . . .     Gourm    .     a - +0 robe
rNeg   + . .     Faith    .     (no shield)
rPois  ∞         Spirit   .     k - +0 helmet
rElec  +         Dismiss  .     (no cloak)
rCorr  .         Reflect  .     (no gloves)
SustAt +         Harm     .     r - +0 pair of boots
MR     .....                    v - amulet of regeneration
Stlth  ++........               (no ring)
                                C - ring of sustain attributes

@: not resistant to hostile enchantments, unstealthy
A: negative energy resistance 1, electricity resistance, unbreathing,
petrification resistance, rot immunity, AC +5
a: Renounce Religion


You were on level 6 of the Dungeon.
You worshipped Vehumet.
Vehumet was pleased with you.
You were hungry.

You visited 1 branch of the dungeon, and saw 6 of its levels.

You collected 331 gold pieces.


Innate Abilities, Weirdness & Mutations

You are resistant to torment.
Your stone body is resilient (AC +5).
You are immune to poison.
You resist negative energy.
You are resistant to electric shocks.
You can survive without breathing.
You are immune to petrification.
You are immune to rotting.


   Skills:
 - Level 1.5 Dodging
 - Level 2.2 Stealth
 + Level 5.7 Spellcasting
 + Level 7.9 Conjurations
 - Level 2.0 Hexes


You had 7 spell levels left.
You knew the following spells:

 Your Spells              Type           Power        Failure   Level  Hunger
a - Magic Dart            Conj           ####         1%          1    None
c - Iskenderun's Mystic   Conj           ####....     6%          4    ####...
l - Fulminant Prism       Conj/Hex       ###.......   21%         4    ####...
s - Searing Ray           Conj           ####..       1%          2    None

Inventory:

Hand Weapons
 n - a +2 dagger of electrocution (weapon)
Missiles
 l - 49 poisoned needles
Armour
 a - a +0 robe (worn)
 k - a +0 helmet (worn)
 r - a +0 pair of boots (worn)
Jewellery
 v - an amulet of regeneration (around neck)
 C - a ring of sustain attributes (left hand)
Wands
 y - a wand of fire (8/15)
 F - a wand of digging (1/24)
Scrolls
 e - 2 scrolls of random uselessness {unknown}
 f - a scroll of blinking {unknown}
 g - 2 scrolls of noise {unknown}
 h - 2 scrolls of enchant armour {unknown}
 i - 2 scrolls of recharging {unknown}
 p - 2 scrolls of fear {unknown}
 q - a scroll of magic mapping {unknown}
 w - a scroll of fog {unknown}
 B - a scroll of teleportation {unknown}
 G - a scroll of identify
Potions
 j - a potion of flight
 m - a potion of resistance {unknown}
 o - 2 potions of curing
 t - 3 potions of heal wounds {unknown}
 u - a potion of haste {unknown}
 z - a potion of cure mutation
 E - a potion of lignification
Books
 b - a book of Conjurations
 D - a book of the Warp
Comestibles
 c - 5 bread rations
 d - 4 fruits
 s - 2 meat rations
 x - 3 chunks of flesh
 A - 2 slices of pizza

Dungeon Overview and Level Annotations

Branches:
Dungeon (6/15)             Temple (0/1) D:5

Altars:
Cheibriados
Fedhas
Gozag
Nemelex Xobeh
Okawaru
Pakellas
Vehumet
Xom
Zin

Shops:
D:6 !


Message History

The orb of energy explodes!
A steam dragon comes into view.
Cast which spell? (? or * to list)
Aiming: Iskenderun's Mystic Blast
Press: ? - help, Shift-Dir - straight line, f - steam dragon
Aim: a steam dragon The orb of energy hits the steam dragon.
The steam dragon is moderately wounded.
Cast which spell? (? or * to list)
Aiming: Iskenderun's Mystic Blast
Press: ? - help, Shift-Dir - straight line, f/p - steam dragon
Aim: a steam dragon (moderately wounded)
The orb of energy hits the steam dragon.
The steam dragon is moderately wounded.
The orb of energy explodes!
The steam dragon barely misses you. x2
The steam dragon breathes steam at you. The ball of steam hits you!
Ouch! That really hurt!
You are too injured to fight recklessly!
You are too injured to fight recklessly!
You are feeling hungry.
You hear a distant slurping noise.
The steam dragon closely misses you. The steam dragon claws you.
You barely miss the steam dragon.
The steam dragon is moderately wounded.
The steam dragon bites you.
The steam dragon claws you but does no damage.
You hit the steam dragon.
The steam dragon is moderately wounded.
The steam dragon breathes steam at you. The ball of steam hits you!
You hit the steam dragon.
The steam dragon is moderately wounded.
You are engulfed in a cloud of scalding steam.
You die...

#### #.. ####### #.#
......#####.#
##........#
#.........#########
#######..D###...........
........@.####...!......
#######........#########
#.######## #.# #.# #.#
#######.# #.......#
#.#######


You could see a steam dragon.

Action                   |  1- 3 |  4- 6 |  7- 9 || total
-------------------------+-------+-------+-------++-------
Melee: Dagger            |       |       |    38 ||    38
 Cast: Magic Dart        |    72 |   174 |    29 ||   275
       Searing Ray       |       |    10 |     7 ||    17
       Iskenderun's Myst |       |       |     4 ||     4
  Use: Scroll            |       |       |     5 ||     5
  Eat: Chunk             |     4 |    11 |     3 ||    18
       Fruit             |       |       |     2 ||     2

Notes
Turn   | Place    | Note
--------------------------------------------------------------
     0 | D:1      | Duffy the Gargoyle Conjurer began the quest for the Orb.
     0 | D:1      | Reached XP level 1. HP: 10/10 MP: 3/3
   256 | D:1      | Reached XP level 2. HP: 15/15 MP: 3/5
   538 | D:1      | Found a sparkling altar of Nemelex Xobeh.
   833 | D:1      | Reached XP level 3. HP: 19/19 MP: 2/6
   960 | D:1      | Reached skill level 5 in Conjurations
  1407 | D:1      | Learned a level 2 spell: Searing Ray
  2179 | D:2      | Reached skill level 3 in Spellcasting
  2179 | D:2      | Reached XP level 4. HP: 24/24 MP: 5/8
  2715 | D:3      | Noticed Robin
  2963 | D:2      | Killed Robin
  3240 | D:3      | Found a shimmering altar of Xom.
  3242 | D:3      | Found a shimmering altar of Xom.
  3251 | D:3      | Reached XP level 5. HP: 28/28 MP: 6/10
  3282 | D:3      | Found a shimmering altar of Xom.
  3320 | D:3      | Found a radiant altar of Vehumet.
  3332 | D:3      | Became a worshipper of Vehumet
  3524 | D:3      | Found a blossoming altar of Fedhas.
  3653 | D:3      | Noticed Jessica
  3655 | D:3      | Killed Jessica
  3655 | D:3      | Reached skill level 6 in Conjurations
  3966 | D:3      | Found a snail-covered altar of Cheibriados.
  4365 | D:3      | Reached skill level 4 in Spellcasting
  4444 | D:3      | Reached * piety under Vehumet
  4444 | D:3      | Offered knowledge of Sandblast by Vehumet.
  4548 | D:3      | Found an iron altar of Okawaru.
  4662 | D:3      | Reached XP level 6. HP: 32/32 MP: 6/12
  4737 | D:3      | Learned a level 4 spell: Iskenderun's Mystic Blast
  4742 | D:3      | Learned a level 4 spell: Fulminant Prism
  4885 | D:4      | Reached skill level 1 in Hexes
  5170 | D:4      | Reached skill level 2 in Hexes
  5692 | D:4      | Found an opulent altar of Gozag.
  5846 | D:5      | Entered Level 5 of the Dungeon
  5857 | D:5      | Reached XP level 7. HP: 36/36 MP: 9/13
  5955 | D:5      | Reached skill level 7 in Conjurations
  6253 | D:5      | Reached skill level 5 in Spellcasting
  6375 | D:5      | Found a staircase to the Ecumenical Temple.
  6690 | D:6      | Found a glowing silver altar of Zin.
  6717 | D:6      | Found Wyug's Distillery.
  6783 | D:6      | Reached ** piety under Vehumet
  6783 | D:6      | Offered knowledge of Throw Flame by Vehumet.
  6856 | D:6      | Found an oddly glowing altar of Pakellas.
  6896 | D:6      | Reached XP level 8. HP: 41/41 MP: 12/16
  7046 | D:6      | Engulfed by a steam dragon's steam

Vault maps used:
D:1:      lightli_arrival_quake, st_stairs_10, nemelex_deck
D:2:      first_bread
D:3:      cheibriados_altar_1, fiery_altar_vehumet, fedhas_altar_1,
          xom_redecorated, okawaru_altar_gauntlet_db, uniq_jessica, uniq_robin
D:4:      nicolae_overflow_hidden_temple, grunt_ministairs_11
D:5:      minmay_temple_entry_glass
D:6:      zin_scriptorium, johnstein_pakellas_dig, gup_sewer_entry_bubbles,
          serial_shops, kennysheep_mini_moat

Vanquished Creatures
  5 scorpions
  A crimson imp
  A jelly
  A centaur skeleton
  2 orc priests
  3 hounds Jessica
  2 orc wizards
  2 worker ants
  A hound skeleton Robin
  8 adders
  A shadow imp
  4 adder skeletons
  2 worms
  8 giant geckos
  24 orcs
  9 bats
  6 giant cockroaches
  18 goblins
  15 hobgoblins
  A quokka
  3 ball pythons
  8 giant newts
  6 kobolds
  A quokka skeleton
  10 rats
144 creatures vanquished.
